 Dungeon Crawl Stone Soup version 0.27.0-1-g7a089689b8 (webtiles) character file.

Game seed: 12703024087007239703

44 ryw the Skirmisher (level 3, -1/25 (29) HPs)
             Began as a Demonspawn Monk on Aug 12, 2021.
             Slain by a necrophage (2 damage)
             ... on level 3 of the Dungeon.
             The game lasted 00:02:12 (1424 turns).

ryw the Skirmisher (Demonspawn Monk)                Turns: 1424, Time: 00:02:12

HP:   -1/25 (29)    AC:  3    Str: 13    XL:     3   Next: 41%
MP:   3/3           EV: 15    Int: 11    God:
Gold: 54            SH:  0    Dex: 16    Spells: 2/2 levels left

rFire    . . .     SeeInvis .     - Unarmed
rCold    . . .     Faith    .   (no shield)
rNeg     . . .     Spirit   .   a - +0 robe
rPois    .         Reflect  .   (no helmet)
rElec    .         Harm     .   (no cloak)
rCorr    .         Rampage  .   (no gloves)
Will     .....                  (no boots)
Stlth    ++........             (no amulet)
HPRegen  0.08/turn              (no ring)
MPRegen  0.08/turn              (no ring)

@: heavily drained
A: repulsion field 1, shaggy fur 1, strong 1
a: no special abilities


You were on level 3 of the Dungeon.
You visited 1 branch of the dungeon, and saw 3 of its levels.

You collected 54 gold pieces.

Inventory:

Missiles
 d - 2 boomerangs (quivered)
Armour
 a - a +0 robe (worn)
Scrolls
 e - a scroll of teleportation {unknown}
 f - a scroll of identify {unknown}
 g - a scroll of enchant weapon {unknown}
 h - a scroll of immolation {unknown}
Potions
 c - a potion of mutation


   Skills:
 + Level 3.6 Fighting
 + Level 3.6 Dodging
 - Level 1.7 Stealth
 - Level 2.6 Unarmed Combat


You had 2 spell levels left.
You didn't know any spells.
Your spell library was empty.

Dungeon Overview and Level Annotations

Branches:
Dungeon (2/15)

Altars:


Innate Abilities, Weirdness & Mutations

You are surrounded by a mild repulsion field. (EV +2)
You are covered in fur. (AC +1)
Your muscles are strong. (Str +2)


Message History

You closely miss the necrophage.
The necrophage is moderately damaged.
The necrophage hits you but does no damage.
You hit the necrophage.
The necrophage is moderately damaged.
The necrophage hits you.
You hit the necrophage.
The necrophage is heavily damaged.
The necrophage hits you!
You feel drained.
You hit the necrophage but do no damage.
The necrophage is heavily damaged.
The necrophage closely misses you.
You hit the necrophage.
The necrophage is heavily damaged.
The necrophage closely misses you.
You barely miss the necrophage.
The necrophage is heavily damaged.
The necrophage barely misses you.
You hit the necrophage.
The necrophage is heavily damaged.
The necrophage completely misses you.
You hit the necrophage but do no damage.
The necrophage is heavily damaged.
The necrophage hits you.
* * * LOW HITPOINT WARNING * * *
You feel drained.
* * * LOW HITPOINT WARNING * * *
You hit the necrophage but do no damage.
The necrophage is heavily damaged.
The necrophage barely misses you.
Unknown command.
It was a potion of mutation.
You feel extremely strange.
You feel stronger. Fur sprouts all over your body.
The necrophage barely misses you.
You barely miss the necrophage.
The necrophage is heavily damaged.
The necrophage hits you.
* * * LOW HITPOINT WARNING * * *
You feel drained.
You die...

.## ###..##
###.....##
........#.
...⌠..... #.....#
#.....####.
#@#...(....
#n#.....#
#.#.....# #
#.#.....##.#
#.#........# #####
#.#.....###
.?....#.##....####
.....l'...........
......####....####


You could see a necrophage.

Vanquished Creatures
  2 adders
  3 endoplasms
  A giant cockroach (D:1)
  A goblin (D:1)
  A hobgoblin (D:1)
  2 jackals (D:1)
  A quokka (D:1)
  4 ball pythons
  3 bats
  A frilled lizard (D:1)
  7 kobolds (D:1)
26 creatures vanquished.

Notes
Turn   | Place    | Note
-------+----------+-------------------------------------------
     0 | D:1      | ryw the Demonspawn Monk began the quest for the Orb.
     0 | D:1      | Reached XP level 1. HP: 18/18 MP: 1/1
    15 | D:1      | Found a faded altar of an unknown god.
   205 | D:1      | Gained mutation: You are surrounded by a mild repulsion
                  | field. (EV +2) [demonic ancestry]
   205 | D:1      | Reached XP level 2. HP: 13/24 MP: 2/2
   828 | D:1      | Reached XP level 3. HP: 13/29 MP: 3/3
  1388 | D:2      | You fall into a shaft and drop 1 floor!
  1398 | D:3      | Noticed a necrophage
  1422 | D:3      | Gained mutation: Your muscles are strong. (Str +2) [potion
                  | of mutation]
  1422 | D:3      | Gained mutation: You are covered in fur. (AC +1) [potion of
                  | mutation]
  1424 | D:3      | HP: 1/26 [necrophage (5)]
  1424 | D:3      | Slain by a necrophage

Illustrated notes

Levels and vault maps discovered:
D:1:      amcnicky_arrival_feature_with_door, layout_rooms,
          basic_ecumenical_altar
D:2:      layout_rooms, serial_shops, nicolae_shop_trees
D:3:      layout_basic, mainiacjoe_overflow_surrounded_room, solitary_fountain,
          hangedman_decor_peaks_small, uniq_grinder

Skill      XL: |  1 |
---------------+----+-----
Dodging        | 3 |  3.6
Fighting       | |  3.6
Stealth        | |  1.7
Unarmed Combat | |  2.6

Action                   || total
-------------------------++-------
Melee: Unarmed           ||   134
       Punch             ||     4
Throw: Boomerang         ||     2
  Use: Potion            ||     2
 Stab: Sleeping          ||     4
Armor: Robe              ||    15
Dodge: Dodged            ||   102
